 Dungeon Crawl Stone Soup version 0.27-a0-148-g9515ab555c (webtiles) character file.

Game seed: 381376930501089832

79 jasper the Twirler (level 4, -1/38 HPs)
             Began as a Palentonga Gladiator on Jan 26, 2021.
             Splashed by Ijyb's acid (17 damage)
             ... on level 3 of the Dungeon.
             The game lasted 00:02:38 (2314 turns).

jasper the Twirler (Palentonga Gladiator)           Turns: 2314, Time: 00:02:38

Health: -1/38      AC:  9    Str: 17    XL:     4   Next: 16%
Magic:  4/4        EV:  8    Int:  9    God:
Gold:   130        SH:  0    Dex: 12    Spells: 3/3 levels left

rFire    . . .     SeeInvis +   a - +0 quarterstaff
rCold    + . .     Faith    .   (shield currently unavailable)
rNeg     . . .     Spirit   .   f - +0 leather armour {rC+}
rPois    .         Reflect  .   c - +0 helmet
rElec    .         Harm     .   (no cloak)
rCorr    .         Rampage  .   (no gloves)
Will     .....                  o - +0 barding
Stlth    +.........             (no amulet)
HPRegen  0.12/turn              (no ring)
MPRegen  0.09/turn              (no ring)

@: no status effects
A: large, rugged brown scales 3, see invisible, deformed body, roll 1, armoured
tail
a: Rolling Charge


You were on level 3 of the Dungeon.
You visited 1 branch of the dungeon, and saw 3 of its levels.

You collected 130 gold pieces.

Inventory:

Hand Weapons
 a - a +0 quarterstaff (weapon)
Missiles
 d - 2 throwing nets (quivered)
 n - 30 stones
Armour
 b - a +0 leather armour
 c - a +0 helmet (worn)
 f - a +0 leather armour of cold resistance (worn)
 o - a +0 barding (worn)
Jewellery
 k - an uncursed amulet of guardian spirit {unknown}
Scrolls
 g - a scroll of fog {unknown}
 i - 2 scrolls of remove curse {unknown}
 j - 5 scrolls of teleportation {unknown}
 l - 2 scrolls of magic mapping {unknown}
Potions
 e - 2 potions of brilliance {unknown}
 h - a potion of lignification {unknown}
 m - a potion of curing {unknown}


   Skills:
 - Level 2.0 Fighting
 + Level 5.0 Staves
 - Level 1.3 Throwing
 - Level 2.4 Dodging


You had 3 spell levels left.
You didn't know any spells.
Your spell library was empty.

Dungeon Overview and Level Annotations

Branches:
Dungeon (3/15)

Altars:

Annotations:
D:3 Ijyb


Innate Abilities, Weirdness & Mutations

You are completely covered in rugged brown scales. (AC +3, +7% HP)
You have supernaturally acute eyesight. (SInv)
Armour fits poorly on your strangely shaped body.
You can roll at nearby foes to attack.
You have a long armoured tail.


Message History

Throw: 3 throwing nets
Press: ? - help, Q - select action, (/) - cycle Shift-Dir - straight line, f - Ijyb
Aim: Ijyb, wielding a +5 club, wearing a +0 leather armour and carrying a wand of acid (8) (50% to hit)
You throw a throwing net. The throwing net hits Ijyb.
Ijyb is caught in the net!
Ijyb struggles against the net.
You hit Ijyb but do no damage. You tail-slap Ijyb.
Ijyb is moderately wounded.
Ijyb struggles against the net.
You hit Ijyb. You tail-slap Ijyb!
Ijyb is severely wounded.
Ijyb screams, "Level is mine!
All mine!"
Ijyb struggles against the net.
You strike the helpless Ijyb from behind!
You hit Ijyb.
Ijyb is almost dead.
Ijyb zaps a wand.
The bolt of acid hits you!!
Ouch! That really hurt!
You are splashed with acid!
You die...

###### ####....
##.##..#
##.#.#..#
###.###...# #..##
##..#
#.#.###...#######
#.##.#....l......
#.###....@######
#.#
##.#.g#########..
#.#
#.#......)(.<(..
#.#
#.##.###########
#.# #.##.# #.#
#.##.# #.##.#
#.##.# #.##.#


You could see Ijyb (caught) and a leopard gecko.

Vanquished Creatures
  2 adders (D:2)
  An ooze (D:1)
  A worm (D:2)
  A dart slug (D:2)
  2 leopard geckos (D:3)
  An orc (D:3)
  8 bats
  A giant cockroach (D:1)
  6 goblins
  9 hobgoblins
  2 jackals (D:1)
  2 frilled lizards
  4 kobolds
  8 rats
  5 toadstools (D:1)
53 creatures vanquished.

Notes
Turn   | Place    | Note
-------+----------+-------------------------------------------
     0 | D:1      | jasper the Palentonga Gladiator began the quest for the
                  | Orb.
     0 | D:1      | Reached XP level 1. HP: 18/18 MP: 1/1
   113 | D:1      | Reached XP level 2. HP: 18/25 MP: 2/2
   471 | D:1      | Reached skill level 4 in Staves
   623 | D:1      | Reached XP level 3. HP: 30/31 MP: 3/3
  1895 | D:2      | Reached XP level 4. HP: 29/38 MP: 4/4
  2236 | D:3      | Reached skill level 5 in Staves
  2299 | D:3      | Noticed Ijyb
  2314 | D:3      | Splashed by Ijyb's acid

Illustrated notes

Levels and vault maps discovered:
D:1:      ldierk_walled_garden, layout_rooms
D:2:      layout_basic, hangedman_feature_mirror
D:3:      layout_loops_ring, nzn_hepliaklqana_mist_gate,
          gammafunk_temple_overflow_arena, uniq_ijyb

Skill      XL: |  1  2  3  4 |
---------------+-------------+-----
Staves         | 4 5 |  5.0
Fighting       | |  2.0
Throwing       | |  1.3
Dodging        | |  2.4

Action                   |  1- 3 |  4- 6 || total
-------------------------+-------+-------++-------
Melee: Quarterstaff      |   124 |    18 ||   142
       Tailslap          |    13 |     2 ||    15
Throw: Stone             |     2 |     4 ||     6
       Throwing net      |       |     1 ||     1
 Stab: Held in net/web   |       |     1 ||     1
Armor: Leather armour    |    52 |     6 ||    58
Dodge: Dodged            |    74 |     6 ||    80

Table legend: (Time is in decaauts)
 A = Elapsed time spent in this place.
 B = Non-inter-level travel time spent in this place.
 C = Inter-level travel time spent in this place.
 D = Time resting spent in this place.
 E = Time spent auto-exploring this place.
 F = Levels seen in this place.
 G = Mean time per level.
                   A        B        C        D        E       F      G
               +--------+--------+--------+--------+--------+-----+--------+
         Total |   2328 |   2260 |     68 |    412 |   1495 |   3 |  776.0 |
       Dungeon |   2328 |   2260 |     68 |    412 |   1495 |   3 |  776.0 |
               +--------+--------+--------+--------+--------+-----+--------+

Top non-repeatable levels by time:
     D:2: 1401 daAuts
     D:1: 772 daAuts
     D:3: 154 daAuts
